SNL (28 & UNDER)
WICHITA WRANGLERS @ MEMPHIS BLUES
09/02/2025
 
TOP OF THE 1ST
Wichita Wranglers batting - Pitching for Memphis Blues : RHP Miguel García
Pitching: RHP Miguel García
Batting: RHB Tom Howe 0-0: Ball
1-0: Ground out 6-3 (Groundball, 6)
Batting: LHB Ramiro Martínez 0-0: SINGLE (Line Drive, 89S)
Batting: RHB Ed Watkins 0-0: Ball
Ramiro Martínez steals 2nd base
1-0: Foul Ball, location: 2F
1-1: Ground out 6-3 (Groundball, 6)
Ramiro Martínez to third
Batting: SHB Javier Peña 0-0: Foul Ball, location: 2F
0-1: Ball
1-1: Foul Ball, location: 2F
1-2: Foul Ball, location: 2F
1-2: Ball
2-2: Ball
3-2: Base on Balls
Batting: LHB Alfredo Sánchez 0-0: Ball
1-0: DOUBLE (Groundball, 3L)
Ramiro Martínez scores
Javier Peña to third
Runner from 3rd tries for Home, SAFE, no throw or cutoff
Batting: RHB Desi Thompson 0-0: Ground out 5-3 (Groundball, 5S)
Top of the 1st over - 2 run(s), 2 hit(s), 0 error(s), 1 left on base; Wichita 2 - Memphis 0
BOTTOM OF THE 1ST
Memphis Blues batting - Pitching for Wichita Wranglers : RHP George Lockhart
Pitching: RHP George Lockhart
Batting: RHB Jorge Domínguez 0-0: Ball
1-0: Called Strike
1-1: Swinging Strike
1-2: Ball
2-2: Ball
3-2: Base on Balls
Batting: RHB Jaime Spiridon 0-0: Ball
1-0: Ball
2-0: Ball
3-0: Called Strike
3-1: SINGLE (Line Drive, 5D)
Jorge Domínguez to second
Batting: LHB Phil Cantrell 0-0: Swinging Strike
0-1: Fly out, F8 (Flyball, 8RD)
Runner from 2nd tags up, SAFE at 3rd, no throw
Batting: LHB Chris Austin 0-0: Called Strike
0-1: Ball
1-1: Grounds into double play, 6-4-3 (Groundball, 6)
Bottom of the 1st over - 0 run(s), 1 hit(s), 0 error(s), 1 left on base; Wichita 2 - Memphis 0
TOP OF THE 2ND
Wichita Wranglers batting - Pitching for Memphis Blues : RHP Miguel García
Batting: RHB Carlos Flores 0-0: Ball
1-0: Swinging Strike
1-1: Swinging Strike
1-2: Strikes out swinging
Batting: RHB Dave Henderson 0-0: Called Strike
0-1: Swinging Strike
0-2: Foul Ball, location: 2F
0-2: Ball
1-2: Fly out, F9 (Flyball, 9LM)
Batting: RHB Doug Delaney 0-0: Called Strike
0-1: Foul Ball, location: 2F
0-2: Fly out, F6 (Popup, 6D)
Top of the 2nd over - 0 run(s), 0 hit(s), 0 error(s), 0 left on base; Wichita 2 - Memphis 0
BOTTOM OF THE 2ND
Memphis Blues batting - Pitching for Wichita Wranglers : RHP George Lockhart
Batting: RHB Glenn Johnson 0-0: Ball
1-0: Called Strike
1-1: Called Strike
1-2: Strikes out swinging
Batting: LHB Ken Nelson 0-0: Ball
1-0: Swinging Strike
1-1: Swinging Strike
1-2: Fly out, F8 (Flyball, 8LM)
Batting: RHB Glenn Melican 0-0: Swinging Strike
0-1: Ball
1-1: Swinging Strike
1-2: Ball
2-2: Fly out, F9 (Flyball, 9M)
Bottom of the 2nd over - 0 run(s), 0 hit(s), 0 error(s), 0 left on base; Wichita 2 - Memphis 0
TOP OF THE 3RD
Wichita Wranglers batting - Pitching for Memphis Blues : RHP Miguel García
Batting: RHB Tom Howe 0-0: Ball
1-0: Ball
2-0: Foul Ball, location: 2F
2-1: Ball
3-1: Base on Balls
Batting: LHB Ramiro Martínez 0-0: Ball
1-0: Ball
2-0: SINGLE (Groundball, 5D)
Tom Howe to second
Batting: RHB Ed Watkins 0-0: Swinging Strike
0-1: DOUBLE (Flyball, 78XD)
Tom Howe scores
Ramiro Martínez to third
Batting: SHB Javier Peña 0-0: SINGLE (Line Drive, 56D)
Ramiro Martínez scores
Ed Watkins to third
Runner from 3rd tries for Home, SAFE, no throw or cutoff
Batting: LHB Alfredo Sánchez 0-0: Ball
1-0: Swinging Strike
1-1: Fly out, F6 (Popup, 6MD)
Batting: RHB Desi Thompson 0-0: Ball
1-0: Ball
Single, Error in OF, E7, batter to second base
Javier Peña to third
Batting: RHB Carlos Flores 0-0: Called Strike
0-1: Ball
1-1: Foul Ball, location: 2F
1-2: Ball
2-2: Ground out 6-3 (Groundball, 6)
Javier Peña scores
Batting: RHB Dave Henderson 0-0: Ball
1-0: Foul Ball, location: 2F
1-1: Called Strike
1-2: Ball
2-2: Fly out, F8 (Flyball, 8LD)
Top of the 3rd over - 4 run(s), 4 hit(s), 1 error(s), 1 left on base; Wichita 6 - Memphis 0
BOTTOM OF THE 3RD
Memphis Blues batting - Pitching for Wichita Wranglers : RHP George Lockhart
Batting: LHB Alan McGilroy 0-0: Foul Ball, location: 2F
0-1: SINGLE (Groundball, 3S) (infield hit)
Batting: RHB Ángel Hernández 0-0: Ball
1-0: Ball
2-0: Called Strike
2-1: Ball
3-1: Base on Balls
Alan McGilroy to second
Batting: RHB Jorge Domínguez 0-0: Called Strike
0-1: Ball
1-1: Foul Ball, location: 2F
1-2: Strikes out swinging
Batting: RHB Jaime Spiridon 0-0: Ball
1-0: Ball
2-0: Ball
3-0: Base on Balls
Alan McGilroy to third
Ángel Hernández to second
Batting: LHB Phil Cantrell 0-0: Swinging Strike
0-1: Hit by Pitch
Alan McGilroy scores
Ángel Hernández to third
Jaime Spiridon to second
Batting: LHB Chris Austin 0-0: Ball
1-0: Foul Ball, location: 2F
1-1: SINGLE (Groundball, 34D)
Ángel Hernández scores
Jaime Spiridon to third
Phil Cantrell to second
Runner from 3rd tries for Home, SAFE, throw made home
Phil Cantrell to third
Chris Austin to second
Batting: RHB Glenn Johnson 0-0: Fly out, F7 (Flyball, 7LMF)
Runner from 3rd tags up, SCORES, no throw
Batting: LHB Ken Nelson 0-0: Called Strike
0-1: Foul Ball, location: 2F
0-2: Strikes out swinging
Bottom of the 3rd over - 4 run(s), 2 hit(s), 0 error(s), 1 left on base; Wichita 6 - Memphis 4
TOP OF THE 4TH
Wichita Wranglers batting - Pitching for Memphis Blues : RHP Miguel García
Now at SS: Chase Mueller
Batting: RHB Doug Delaney 0-0: Foul Ball, location: 2F
0-1: Ball
1-1: Called Strike
1-2: Ball
2-2: Fly out, F9 (Flyball, 9M)
Batting: RHB Tom Howe 0-0: Ball
1-0: Foul Ball, location: 2F
1-1: SINGLE (Line Drive, 78S)
Batting: LHB Ramiro Martínez 0-0: Ball
1-0: Called Strike
1-1: Called Strike
1-2: Fielders Choice at 2nd, 1-6 (Groundball, 13S)
Batting: RHB Ed Watkins 0-0: Fly out, F8 (Flyball, 8RD)
Top of the 4th over - 0 run(s), 1 hit(s), 0 error(s), 1 left on base; Wichita 6 - Memphis 4
BOTTOM OF THE 4TH
Memphis Blues batting - Pitching for Wichita Wranglers : RHP George Lockhart
Batting: RHB Glenn Melican 0-0: Foul Ball, location: 2F
0-1: Ball
1-1: Ball
2-1: Ball
3-1: Called Strike
3-2: Ground out 6-3 (Groundball, 6)
Batting: LHB Alan McGilroy 0-0: Called Strike
0-1: Fly out, F4 (Line Drive, 4)
Batting: RHB Ángel Hernández 0-0: Ball
1-0: Foul Ball, location: 2F
1-1: Ball
2-1: Foul Ball, location: 2F
2-2: Strikes out swinging
Bottom of the 4th over - 0 run(s), 0 hit(s), 0 error(s), 0 left on base; Wichita 6 - Memphis 4
TOP OF THE 5TH
Wichita Wranglers batting - Pitching for Memphis Blues : RHP Miguel García
Batting: SHB Javier Peña 0-0: Ball
1-0: Foul Ball, location: 2F
1-1: TRIPLE (Line Drive, 9LM)
Batting: LHB Alfredo Sánchez 0-0: Intentional Walk
Batting: RHB Desi Thompson 0-0: Ball
1-0: Foul Ball, location: 2F
1-1: Fly out, F3 (Popup, 3DF)
Batting: RHB Carlos Flores 0-0: Foul Ball, location: 2F
0-1: Swinging Strike
0-2: Strikes out looking
Batting: RHB Dave Henderson 0-0: Ball
1-0: Foul Ball, location: 2F
1-1: Ground out 5-3 (Groundball, 5S)
Top of the 5th over - 0 run(s), 1 hit(s), 0 error(s), 2 left on base; Wichita 6 - Memphis 4
BOTTOM OF THE 5TH
Memphis Blues batting - Pitching for Wichita Wranglers : RHP George Lockhart
Batting: RHB Jorge Domínguez 0-0: Foul Ball, location: 2F
Single, Error in OF, E7, batter to second base
Batting: RHB Chase Mueller 0-0: Ball
1-0: Foul Ball, location: 2F
1-1: Ground out 6-3 (Groundball, 6M)
Jorge Domínguez to third
Batting: LHB Phil Cantrell 0-0: Ball
1-0: Fly out, F4 (Popup, 4D)
Batting: LHB Chris Austin 0-0: Called Strike
0-1: Ball
1-1: Ball
2-1: Swinging Strike
2-2: Fly out, F5 (Line Drive, 56)
Bottom of the 5th over - 0 run(s), 1 hit(s), 1 error(s), 1 left on base; Wichita 6 - Memphis 4
TOP OF THE 6TH
Wichita Wranglers batting - Pitching for Memphis Blues : RHP Miguel García
Pitching: RHP Bill Long
Batting: RHB Doug Delaney 0-0: Ball
1-0: SINGLE (Line Drive, 89S)
Batting: RHB Tom Howe 0-0: Ball
1-0: Ball
2-0: Ground out 5-3 (Groundball, 5S)
Doug Delaney to second
Batting: LHB Ramiro Martínez 0-0: SINGLE (Flyball, 8RS)
Doug Delaney to third
Batting: RHB Ed Watkins 0-0: Called Strike
0-1: Foul Ball, location: 2F
0-2: Ball
1-2: Foul Ball, location: 2F
1-2: Ball
2-2: SINGLE (Line Drive, 6MD)
Doug Delaney scores
Ramiro Martínez to second
Batting: SHB Javier Peña 0-0: Called Strike
0-1: Ball
1-1: Swinging Strike
1-2: Strikes out swinging
Batting: LHB Alfredo Sánchez 0-0: Ball
Passed Ball!
Ramiro Martínez to third
Ed Watkins to second
1-0: Intentional Walk
Batting: RHB Desi Thompson 0-0: Ball
1-0: Ball
2-0: Fly out, F9 (Flyball, 9S)
Top of the 6th over - 1 run(s), 3 hit(s), 0 error(s), 3 left on base; Wichita 7 - Memphis 4
BOTTOM OF THE 6TH
Memphis Blues batting - Pitching for Wichita Wranglers : RHP George Lockhart
Batting: RHB Glenn Johnson 0-0: Called Strike
0-1: Foul Ball, location: 2F
0-2: Ball
1-2: Ball
2-2: Ball
3-2: Foul Ball, location: 2F
3-2: SINGLE (Flyball, 7S)
Batting: LHB Ken Nelson 0-0: Ball
Glenn Johnson is caught stealing 2nd base
1-0: Foul Ball, location: 2F
1-1: Ball
2-1: Swinging Strike
2-2: Fly out, F9 (Line Drive, 9S)
Batting: RHB Glenn Melican 0-0: Foul Ball, location: 2F
0-1: Called Strike
0-2: Ball
1-2: Ball
2-2: Foul Ball, location: 2F
2-2: Strikes out swinging
Bottom of the 6th over - 0 run(s), 1 hit(s), 0 error(s), 0 left on base; Wichita 7 - Memphis 4
TOP OF THE 7TH
Wichita Wranglers batting - Pitching for Memphis Blues : RHP Bill Long
Batting: RHB Carlos Flores 0-0: Ball
1-0: Ground out 5-3 (Groundball, 6S)
Batting: RHB Dave Henderson 0-0: Fly out, F9 (Flyball, 89M)
Batting: RHB Doug Delaney 0-0: Ball
1-0: Ball
2-0: Ground out 4-3 (Groundball, 4M)
Top of the 7th over - 0 run(s), 0 hit(s), 0 error(s), 0 left on base; Wichita 7 - Memphis 4
BOTTOM OF THE 7TH
Memphis Blues batting - Pitching for Wichita Wranglers : RHP George Lockhart
Pitching: LHP Jorge Ybarra
Batting: LHB Alan McGilroy 0-0: Ball
1-0: Ground out 4-3 (Groundball, 4)
Batting: RHB Ángel Hernández 0-0: Called Strike
0-1: Fly out, F8 (Line Drive, 8RM)
Batting: RHB Jorge Domínguez 0-0: Ball
1-0: Foul Ball, location: 2F
1-1: Ground out 6-3 (Groundball, 6)
Bottom of the 7th over - 0 run(s), 0 hit(s), 0 error(s), 0 left on base; Wichita 7 - Memphis 4
TOP OF THE 8TH
Wichita Wranglers batting - Pitching for Memphis Blues : RHP Bill Long
Pitching: RHP Mark Bidwell
Batting: RHB Tom Howe 0-0: Called Strike
0-1: Called Strike
0-2: Strikes out swinging
Batting: LHB Ramiro Martínez 0-0: Ball
1-0: Ball
2-0: Ball
3-0: Base on Balls
Batting: RHB Ed Watkins 0-0: TRIPLE (Line Drive, 89S)
Ramiro Martínez scores
Batting: SHB Javier Peña 0-0: Called Strike
0-1: Foul Ball, location: 2F
0-2: Foul Ball, location: 2F
0-2: Strikes out swinging
Batting: LHB Alfredo Sánchez 0-0: Intentional Walk
Batting: RHB Desi Thompson 0-0: Swinging Strike
0-1: Swinging Strike
0-2: Foul Ball, location: 2F
0-2: Ball
1-2: Ball
2-2: Strikes out looking
Top of the 8th over - 1 run(s), 1 hit(s), 0 error(s), 2 left on base; Wichita 8 - Memphis 4
BOTTOM OF THE 8TH
Memphis Blues batting - Pitching for Wichita Wranglers : LHP Jorge Ybarra
Batting: RHB Chase Mueller 0-0: Ground out 4-3 (Groundball, 4)
Batting: LHB Phil Cantrell 0-0: Called Strike
0-1: Foul Ball, location: 2F
0-2: Ball
1-2: Ball
2-2: Ball
3-2: Strikes out swinging
Batting: LHB Chris Austin 0-0: Ball
1-0: Called Strike
1-1: Ground out 4-3 (Groundball, 34)
Bottom of the 8th over - 0 run(s), 0 hit(s), 0 error(s), 0 left on base; Wichita 8 - Memphis 4
TOP OF THE 9TH
Wichita Wranglers batting - Pitching for Memphis Blues : RHP Mark Bidwell
Batting: RHB Carlos Flores 0-0: Ball
1-0: Foul Ball, location: 2F
1-1: Ball
2-1: Fly out, F8 (Line Drive, 8LD)
Pitching: RHP Lee Donahue
Batting: RHB Dave Henderson 0-0: Ball
1-0: Ball
2-0: Ball
3-0: Base on Balls
Batting: RHB Doug Delaney 0-0: Ball
1-0: Ball
2-0: Foul Ball, location: 2F
2-1: Swinging Strike
2-2: Ball
3-2: Base on Balls
Dave Henderson to second
Batting: RHB Tom Howe 0-0: Called Strike
0-1: Fielders Choice at 2nd, 6-4 (Groundball, 6M)
Dave Henderson to third
Batting: LHB Ramiro Martínez 0-0: Ball
1-0: Foul Ball, location: 2F
1-1: Called Strike
1-2: Strikes out swinging
Top of the 9th over - 0 run(s), 0 hit(s), 0 error(s), 2 left on base; Wichita 8 - Memphis 4
BOTTOM OF THE 9TH
Memphis Blues batting - Pitching for Wichita Wranglers : LHP Jorge Ybarra
Batting: RHB Glenn Johnson 0-0: Ball
1-0: Ball
2-0: Foul Ball, location: 2F
2-1: Foul Ball, location: 2F
2-2: Fly out, F5 (Line Drive, 56S)
Batting: LHB Ken Nelson 0-0: Ball
1-0: Ball
2-0: Called Strike
2-1: Called Strike
2-2: Ball
3-2: Fly out, F8 (Flyball, 89D)
Batting: RHB Glenn Melican 0-0: Ball
1-0: Called Strike
1-1: Fly out, F3 (Popup, 3D)
Bottom of the 9th over - 0 run(s), 0 hit(s), 0 error(s), 0 left on base; Wichita 8 - Memphis 4
This league is powered by Out of the Park Baseball, the baseball management simulation game for PC, Mac and Linux
Tuesday, August 2nd, 2016 - OOTP Baseball 16.8 Build 38